cohdb
Replays
Latest Replays
All Replays
Popular Replays
Top Player Replays
Match Explorer
How It Works
Community
CoH3 Stats
Reddit
Sign in to upload your games and track your stats! →
Sign in with Steam
Match 38122097
Unlisted
Match 38122097
Overview
Messages
Build Orders
End
Construct Section Command Post
Selects Indian Artillery Battlegroup
Infantry Section
Infantry Section
Dingo Light Scout Car
Infantry Section
Selects War Cry
Infantry Section
Construct Platoon Command Post
Infantry Section
Grenade Package
Unlock M3 Stuart Light Tanks
Selects Gurkha Rifles Section
M3 Stuart Light Tank
Selects Towed ML 4.2-inch Heavy Mortar
Unlock Bishop Self-propelled Artillery
Bishop Self-propelled Artillery
Gurkha Rifles Section
Construct Field Infirmary
Gurkha Rifles Section
Selects Off-map Airburst Barrage
男儿何不带吴钩,收取北美50州
FOXSquad
勇敢的少先队员
Mad
拜者为叩
Kelish
皮皮
JT
0
0
Comments
sign in to comment!
No comments posted yet!